 Dungeon Crawl Stone Soup version 0.17.1-3-g152610e (webtiles) character file.

52 Goblin1989 the Insei (level 3, -2/29 HPs)
             Began as a Demonspawn Monk on May 4, 2016.
             Slain by Grinder (4 damage)
             ... on level 3 of the Dungeon.
             The game lasted 00:02:37 (1577 turns).

Goblin1989 the Insei (Demonspawn Monk)              Turns: 1577, Time: 00:02:37

Health: -2/29      AC:  9    Str: 12    XL:     3   Next: 60%
Magic:  3/3        EV: 11    Int: 11    God:
Gold:   112        SH:  0    Dex: 15    Spells: 0 memorised, 2 levels left

rFire  . . .     SeeInvis .       - Unarmed
rCold  . . .     Clarity  .     c - +0 ring mail
rNeg   . . .     SustAt   .     (no shield)
rPois  .         Gourm    .     (no helmet)
rElec  .         Spirit   .     (no cloak)
rCorr  .         Warding  .     b - +0 pair of gloves
rMut   .         Stasis   .     o - +0 pair of boots
MR     .....                    (no amulet)
Stlth  +.........               (no ring)
                                (no ring)

@: not resistant to hostile enchantments, very unstealthy
A: slimy green scales 1
a: no special abilities


You were on level 3 of the Dungeon.
You were not hungry.

You visited 1 branch of the dungeon, and saw 3 of its levels.

You collected 112 gold pieces.

Inventory:

Armour
 b - a +0 pair of gloves (worn)
 c - a +0 ring mail (worn)
 o - a +0 pair of boots (worn)
Scrolls
 a - 2 scrolls of enchant weapon {unknown}
 e - 4 scrolls of remove curse {unknown}
 f - a scroll of identify {unknown}
 g - 2 scrolls of magic mapping {unknown}
 h - a scroll of immolation {unknown}
 j - a scroll of teleportation {unknown}
 m - a scroll of fear {unknown}
Potions
 d - a potion of haste {unknown}
 i - 2 potions of might {unknown}
 k - 2 potions of flight {unknown}
Comestibles
 l - a slice of pizza
 n - a meat ration


   Skills:
 - Level 3.0 Fighting
 - Level 2.6 Dodging
 - Level 1.7 Stealth
 + Level 4.8 Unarmed Combat


You had 2 spell levels left.
You didn't know any spells.

Dungeon Overview and Level Annotations

Branches:
Dungeon (3/15)

Altars:
Dithmenos
Elyvilon
Gozag
The Shining One

Annotations:
D:3 Grinder


Innate Abilities, Weirdness & Mutations

You are partially covered in slimy green scales (AC +2).


Message History

No target in view!
No target in view!
No target in view!
No target in view!
You open the door. Something hits you!
You writhe in agony.
You take 9 damage, and have 17/29 hp.
MASSIVE DAMAGE!!
No target in view!
Something tries to affect you, but you resist.
Something tries to affect you, but you resist.
Found a scroll labeled NEODYSK NELYSA.
You hit something. You completely miss something. Something hits you.
You writhe in agony.
You take 8 damage, and have 10/29 hp.
MASSIVE DAMAGE!!
You hit something. Your punch misses something.
You hit something but do no damage. Something hits you!
* * * LOW HITPOINT WARNING * * *
You writhe in agony. x2
You take 8 damage, and have 2/29 hp.
MASSIVE DAMAGE!!
You hit something. Something hits you.
You die...

#........#......#
#........#......#
#........#......#
######.#########'#####
.......#
#.#############
########
#.........†...#
#############....#.#
#.#...?............+.#
........@..........###
..#.###########.(..#
##'### #.# #.# #+#


There were no monsters in sight!

Vanquished Creatures
  2 adders (D:2)
  3 giant geckos
  A ball python (D:2)
  4 bats
  A giant cockroach (D:1)
  4 goblins
  4 hobgoblins
  A giant newt (D:1)
  5 jackals
  6 kobolds
  4 rats
35 creatures vanquished.

Notes
Turn   | Place    | Note
--------------------------------------------------------------
     0 | D:1      | Goblin1989 the Demonspawn Monk began the quest for the Orb.
     0 | D:1      | Reached XP level 1. HP: 18/18 MP: 1/1
   166 | D:1      | Reached skill level 4 in Unarmed Combat
   204 | D:1      | Gained mutation: You are partially covered in slimy green scales (AC +2). [demonic ancestry]
   204 | D:1      | Reached XP level 2. HP: 24/24 MP: 2/2
   922 | D:2      | Found a shadowy altar of Dithmenos.
   936 | D:2      | Reached XP level 3. HP: 29/29 MP: 3/3
   983 | D:2      | Found an opulent altar of Gozag.
  1030 | D:2      | Found a glowing golden altar of the Shining One.
  1044 | D:2      | Found a white marble altar of Elyvilon.
  1553 | D:3      | Noticed Grinder
  1577 | D:3      | Slain by Grinder

Action                   || total
-------------------------++-------
Melee: Unarmed           ||   106
 Stab: Sleeping          ||     2
  Eat: Bread ration      ||     1
